cohdb
Replays
Latest Replays
All Replays
Popular Replays
Top Player Replays
Match Explorer
How It Works
Community
CoH3 Stats
Reddit
Sign in to upload your games and track your stats! →
Sign in with Steam
Match 45882473
Unlisted
Match 45882473
Overview
Messages
Build Orders
End
Construct Barracks
Selects Armored Battlegroup
Selects Veteran Crews
Engineer Squad
1⁄4-ton 4x4 Truck
Riflemen Squad
Mechanized Support Center
Construct Weapon Support Center
M3 Armored Personnel Carrier
Construct Motor Pool
Selects Strength in Steel
M8 Greyhound Armored Car
Improvised Armor
Grenade Package
Engineer Squad
M8 Greyhound Armored Car
Selects Field Repairs
Designate Forward Repair Station
M1919 Machine Gun Team
M24 Chaffee Light Tank
Rapid Repairs
Selects War Machine
M8 Greyhound Armored Car
M1 Anti-tank Gun Team
Construct Tank Depot
Selects Seek and Destroy
Selects UNKNOWN (2160077)
M4A3E8 Sherman Easy Eight
M1 Anti-tank Gun Team
Salvage Crew
M3 Armored Personnel Carrier
Designate Forward Repair Station
M4A3E8 Sherman Easy Eight
M4A3E8 Sherman Easy Eight
Engineer Squad
M4A3E8 Sherman Easy Eight
AI Takeover
Tr1kster
gfm1911
roshawnkne
Beans
XuZhongwei
866
绣春刀
上海交大周杰伦
0
0
Comments
sign in to comment!
No comments posted yet!